 Dungeon Crawl Stone Soup version 0.28.0-53-g5a82cb258f (webtiles) character file.

Game seed: 718122331164939992

53 Tirrikindir the Shield-Bearer (level 3, -2/26 HPs)
             Began as an Octopode Fighter on Aug 16, 2022.
             Slain by an adder (3 damage)
             ... on level 2 of the Dungeon.
             The game lasted 00:02:57 (1959 turns).

Tirrikindir the Shield-Bearer (Octopode Fighter)    Turns: 1959, Time: 00:02:58

Health: -2/26      AC:  1    Str: 15    XL:     3   Next: 89%
Magic:  3/3        EV: 13    Int: 10    God:
Gold:   31         SH:  5    Dex: 13    Spells: 2/2 levels left

rFire   . . .      SeeInvis .   a - +0 long sword
rCold   . . .      Faith    .   b - +1 buckler
rNeg    . . .      Spirit   .   (helmet restricted)
rPois   .          Reflect  .   (no amulet)
rElec   .          Harm     .   (no ring)
rCorr   .          Rampage  .   (no ring)
Will    .....                   (no ring)
Stlth   +++.......              (no ring)
HPRegen 0.08/turn               (no ring)
MPRegen 0.08/turn               (no ring)
                                (no ring)
                                (no ring)

@: no status effects
A: almost no armour, amphibious, 8 rings, camouflage 1, gelatinous body 1,
(nimble swimmer 1), tentacles
a: no special abilities


You were on level 2 of the Dungeon.
You visited 1 branch of the dungeon, and saw 2 of its levels.

You collected 31 gold pieces.

Inventory:

Hand Weapons
 a - a +0 long sword (weapon)
Armour
 b - a +1 buckler (worn)
Jewellery
 g - a ring of ice
Scrolls
 d - a scroll of fog {unknown}
Potions
 c - a potion of might
 e - a potion of resistance


   Skills:
 + Level 3.2 Fighting
 * Level 2.8 Long Blades
 + Level 3.3 Dodging
 + Level 1.7 Stealth
 + Level 3.3 Shields


You had 2 spell levels left.
You didn't know any spells.
Your spell library contained the following spells:

 Spells                   Type           Power      Damage    Failure   Level
 Portal Projectile        Hex/Tloc       0%         N/A       83%         3
 Blade Hands              Tmut           0%         N/A       100%        5
 Excruciating Wounds      Necr           0%         N/A       100%        5


Dungeon Overview and Level Annotations

Branches:
Dungeon (2/15)

Altars:
Vehumet

Shops:
D:2 (


Innate Abilities, Weirdness & Mutations

You cannot wear most types of armour.
You are amphibious.
You can wear up to eight rings at the same time.
Your skin changes colour to match your surroundings (Stealth+).
Your rubbery body absorbs attacks. (AC +1, EV +1)
((You are camouflaged when in or above water. (Stealth+)))
You have tentacles for arms and can constrict up to eight enemies at once.


Message History

You slash the frilled lizard!
You kill the frilled lizard!
You see here a frilled lizard corpse.
An adder comes into view.
Found Achax's Weapon Shoppe.
A hobgoblin comes into view.
A kobold comes into view. It is wielding a +0 whip.
Found a stone staircase leading down.
The kobold shouts!
The adder hisses angrily.
You hear an angry hiss.
The hobgoblin shouts!
You closely miss the adder. Your grab misses the adder.
The adder barely misses you. The hobgoblin hits you.
The adder completely misses you.
You slash the hobgoblin!
You kill the hobgoblin!
The adder closely misses you. The adder bites you.
You are poisoned.
The adder poisons you!
A frilled lizard comes into view.
You hit the adder. Your grab misses the adder.
The adder is moderately wounded.
You feel sick. The adder closely misses you.
The kobold hits you with a +0 whip.
You closely miss the adder. Your grab misses the adder.
The adder is moderately wounded.
You feel sick. The adder bites you.
* * * LOW HITPOINT WARNING * * *
The kobold closely misses you. You block the adder's attack.
You closely miss the kobold. Your grab misses the kobold.
You feel sick. You block the adder's attack. The kobold barely misses you.
The adder barely misses you. The kobold hits you with a +0 whip.
* * * LOW HITPOINT WARNING * * *
You feel better. The adder bites you.
* * * LOW HITPOINT WARNING * * *
The kobold hits you with a +0 whip.
* * * LOW HITPOINT WARNING * * *
You miss the adder. You grab the adder.
The adder is moderately wounded.
You constrict the adder. The adder bites you.
You die...

## #.......# #.
#.......# #.
#.......####### #.
#...∩...#.....# #.
........#.....#########.
.>......'...............
#.....K.#.....####.####.
#...S@......# #.# #.
#..l........# #.####.
..............# #......
≈#.......#.#### #.####.
..#......#.# #.##... .
#......#.# #.##.#.
#......... #.##.#.
#.##.##... #.#. #.#.


You could see an adder, a kobold and a frilled lizard.

Vanquished Creatures
  An adder (D:2)
  A dart slug (D:2)
  3 ball pythons (D:1)
  2 bats (D:1)
  5 endoplasms (D:1)
  4 giant cockroaches
  5 goblins
  7 hobgoblins
  2 frilled lizards
  3 kobolds (D:1)
  3 rats
36 creatures vanquished.

Notes
Turn   | Place    | Note
-------+----------+-------------------------------------------
     0 | D:1      | Tirrikindir the Octopode Fighter began the quest for the
                  | Orb.
     0 | D:1      | Reached XP level 1. HP: 16/16 MP: 1/1
   284 | D:1      | Reached XP level 2. HP: 21/21 MP: 2/2
   302 | D:1      | Reached skill level 1 in Stealth
   994 | D:1      | Reached XP level 3. HP: 19/26 MP: 3/3
  1532 | D:2      | Found a radiant altar of Vehumet.
  1948 | D:2      | Found Achax's Weapon Shoppe.
  1958 | D:2      | HP: 1/26 [kobold/+0 whip (3)]
  1959 | D:2      | Slain by an adder

Illustrated notes

Levels and vault maps discovered:
D:1:      lightli_arrival_farm, layout_basic, minmay_tetromino_i4
D:2:      layout_basic, shapermc_ecumenical_altar_starsandcircs, serial_shops,
          shop, shop, shop, basic_altar, st_stairs_2

Skill      XL: |  1  2 |
---------------+-------+-----
Stealth        | 1 |  1.7
Fighting       | |  3.2
Long Blades    | |  2.8
Dodging        | |  3.3
Shields        | |  3.3

Action                   || total
-------------------------++-------
Melee: Long sword        ||    58
       Constrict         ||    20
       Tentacles         ||    10
  Use: Scroll            ||     3
       Potion            ||     1
 Stab: Sleeping          ||    10
Armor: Skin              ||     2
Dodge: Dodged            ||    30
Block: Buckler           ||    18
